 Dungeon Crawl Stone Soup version 0.26.0-10-g1f06aea511 (webtiles) character file.

Game seed: 11180778048386844739

232520 inmateoo the Severer (level 18, -11/165 HPs)
             Began as a Minotaur Wanderer on Jan 14, 2021.
             Was the Champion of Makhleb.
             Hit by a javelin thrown by a merfolk javelineer (24 damage)
             ... on level 4 of the Shoals.
             The game lasted 00:45:55 (31079 turns).

inmateoo the Severer (Minotaur Wanderer)           Turns: 31079, Time: 00:45:55

Health: -11/165    AC: 26    Str: 25    XL:     18   Next: 82%
Magic:  24/24      EV: 19    Int:  8    God:    Makhleb [******]
Gold:   3136       SH: 14    Dex: 11    Spells: 19/19 levels left

rFire    + . .     SeeInvis .   t - +5 broad axe (vorpal)
rCold    . . .     Faith    .   c - +0 kite shield
rNeg     + . .     Spirit   .   H - +2 chain mail {rF+}
rPois    +         Reflect  .   K - +1 hat
rElec    +         Harm     .   U - +2 cloak {Will+}
rCorr    .         Rampage  .   L - +1 pair of gloves
Will     ++...                  M - +2 pair of boots {Stlth+}
Stlth    ..........             b - amulet "Xyviapso" {rN+ Regen+}
HPRegen  0.77/turn              j - +4 ring of evasion
MPRegen  0.19/turn              p - ring of poison resistance

@: very slow
A: retaliatory headbutt, horns 2, electricity resistance
}: 1/15 runes: gossamer
a: Renounce Religion, Minor Destruction, Lesser Servant of Makhleb, Major
Destruction, Greater Servant of Makhleb


You were on level 4 of the Shoals.
You worshipped Makhleb.
Makhleb was exalted by your worship.
You visited 6 branches of the dungeon, and saw 32 of its levels.
You also visited: Sewer and Gauntlet.

You collected 3731 gold pieces.
You spent 595 gold pieces at shops.

Inventory:

Hand Weapons
 t - a +5 vorpal broad axe (weapon)
Missiles
 x - 6 throwing nets (quivered)
Armour
 c - a +0 kite shield (worn)
 q - a +1 cloak of preservation
 H - a +2 chain mail of fire resistance (worn)
 K - a +1 hat (worn)
 L - a +1 pair of gloves (worn)
 M - a +2 pair of boots of stealth (worn)
 U - a +2 cloak of willpower (worn)
Jewellery
 b - the amulet "Xyviapso" (around neck) {rN+ Regen+}
   (You took it off a minotaur in a Gauntlet)

   [amulet of regeneration]

   It protects you from negative energy.
   It increases your rate of regeneration.
 e - an uncursed ring of resist corrosion
 j - a +4 ring of evasion (left hand)
 p - a ring of poison resistance (right hand)
 J - an uncursed ring of protection from cold
 V - the ring of Qucasism {*Corrode rElec rPois Str-4 SInv}
   (You found it in a Gauntlet)

   [ring of strength]

   It affects your strength (-4).
   It insulates you from electricity.
   It protects you from poison.
   It lets you see invisible.
   It may corrode you when you take damage.
 W - an uncursed ring of see invisible
 X - an uncursed ring of protection from fire
Wands
 n - a wand of disintegration (20)
 B - a wand of digging (4)
 D - a wand of acid (9)
 N - a wand of flame (59)
 Q - a wand of paralysis (14)
 S - a wand of iceblast (25)
 T - a wand of random effects (11)
Scrolls
 g - 17 scrolls of remove curse
 h - 4 scrolls of fear
 l - 2 scrolls of immolation
 o - 3 scrolls of magic mapping
 r - 16 scrolls of teleportation
 s - 16 scrolls of identify
 u - 7 scrolls of blinking
 y - 6 scrolls of amnesia
 z - 8 scrolls of fog
 I - a scroll of summoning
 R - 4 scrolls of enchant armour
Potions
 d - 18 potions of curing
 f - 2 potions of resistance
 k - 9 potions of brilliance
 m - 9 potions of heal wounds
 v - 5 potions of might
 w - 6 potions of flight
 A - 10 potions of haste
 C - 11 potions of ambrosia
 E - 2 potions of mutation
 G - 3 potions of cancellation
 P - a potion of magic
 Y - a potion of invisibility
 Z - a potion of berserk rage
Miscellaneous
 a - a phantom mirror
 F - a tin of tremorstones (2/2)
 O - a box of beasts


   Skills:
 + Level 15.6 Fighting
 * Level 20.7(20.8) Axes
 - Level 2.4(14.3) Maces & Flails
 + Level 15.5 Armour
 + Level 14.1 Dodging
 - Level 1.0 Stealth
 + Level 15.6 Shields
 - Level 1.3 Spellcasting
 - Level 1.0 Fire Magic
 - Level 1.3 Air Magic
 - Level 10.0 Invocations
 + Level 7.7 Evocations


You had 19 spell levels left.
You didn't know any spells.
Your spell library contained the following spells:

 Spells                   Type           Power        Failure   Level
 Foxfire                  Conj/Fire      4%           75%         1
 Beastly Appendage        Tmut           0%           82%         1
 Corona                   Hex            0%           82%         1
 Sandblast                Erth           0%           82%         1
 Sting                    Tmut/Pois      0%           82%         1
 Poisonous Vapours        Pois/Air       2%           86%         2
 Ensorcelled Hibernation  Hex/Ice        0%           91%         2
 Passwall                 Tmut/Erth      0%           91%         2
 Slow                     Hex            0%           91%         2
 Wereblood                Tmut           0%           91%         2
 Conjure Flame            Conj/Fire      1%           98%         3
 Ignite Poison            Fire/Tmut/Pois 1%           98%         3
 Inner Flame              Hex/Fire       1%           98%         3
 Mephitic Cloud           Conj/Pois/Air  1%           98%         3
 Confusing Touch          Hex            0%           99%         3
 Dazzling Flash           Conj/Hex       0%           99%         3
 Gell's Gravitas          Tloc           0%           99%         3
 Portal Projectile        Hex/Tloc       0%           99%         3
 Spider Form              Tmut/Pois      0%           99%         3
 Stone Arrow              Conj/Erth      0%           99%         3
 Tukima's Dance           Hex            0%           99%         3
 Cause Fear               Hex            0%           100%        4
 Ice Form                 Ice/Tmut       0%           100%        4
 Leda's Liquefaction      Hex/Erth       0%           100%        4
 Olgreb's Toxic Radiance  Pois           0%           100%        4
 Petrify                  Tmut/Erth      0%           100%        4
 Sticky Flame             Conj/Fire      1%           100%        4
 Blade Hands              Tmut           0%           100%        5
 Fireball                 Conj/Fire      0%           100%        5
 Lee's Rapid Deconstruct  Erth           0%           100%        5
 Metabolic Englaciation   Hex/Ice        0%           100%        5
 Yara's Violent Unravell  Hex/Tmut       0%           100%        5


Dungeon Overview and Level Annotations

Branches:
Dungeon (15/15)            Temple (1/1) D:4            Lair (6/6) D:8
 Shoals (4/4) Lair:4       Spider (4/4) Lair:2        Slime (0/5) Lair:5
    Orc (2/2) D:12            Elf (0/3) Orc:2        Vaults (0/5) D:14
 Depths (0/5) D:15          Sewer (visited)         Gauntlet (visited)

Altars:
Ashenzari
Cheibriados
Dithmenos
Fedhas
Gozag
Makhleb
Nemelex Xobeh
Okawaru
Ru
Sif Muna
Trog
Wu Jian
Zin
The Shining One
Beogh

Shops:
D:7 =   Orc:1 *   Orc:2 (?:}

Annotations:
Shoals:4 3 runed translucent doors, kthxbai's ghost, adept DECj


Innate Abilities, Weirdness & Mutations

You reflexively headbutt those who attack you in melee.
You have a pair of horns on your head.
You are resistant to electric shocks. (rElec)


Message History

Unknown command.
The merfolk javelineer throws a javelin.
The javelin pierces through you!
* * * LOW HITPOINT WARNING * * *
The merfolk aquamancer casts a spell at you.
The torrent of water hits you!
* * * LOW HITPOINT WARNING * * *
You are knocked back by the torrent of water.
You collide with the snapping turtle!
* * * LOW HITPOINT WARNING * * *
Splash!
The wave splashes down.
The wind drake flaps its wings at you. The air twists around and strikes you!
* * * LOW HITPOINT WARNING * * *
You block the merfolk aquamancer's attack.
The snapping turtle misses you.
The merfolk javelineer throws a javelin.
The javelin pierces through you!!
You die...

≈≈≈≈≈≈≈...# ≈.
≈≈≈≈≈≈....# .#. .
≈≈≈≈≈.....# #t. .≈
≈≈≈≈≈.....# .m#≈#
≈≈≈≈§§§...# ≈m.≈.
≈≈≈≈§.§...##mk# #≈:
≈≈≈≈§§§)mm.C#### #...
≈≈≈≈≈.†§2mm.≈#≈###.....
≈≈≈≈..≈m@t†.............
≈≈≈≈...≈≈m..≈≈..........≈
≈≈≈≈........≈≈..........≈
≈≈≈.........≈≈.........≈≈
.......#######........≈≈≈
....... .#.#Z#........≈≈≈
..(....#(..ZZ#.......≈≈≈≈
...#####?ZZZ+.......≈≈≈≈
#.[.ZZ+.......≈≈≈≈


You could see a frost giant, 3 merfolk impalers, 2 merfolk javelineers, 2
merfolk aquamancers, a snapping turtle, a wind drake (repels missiles), a
merfolk and a friendly green death (summoned).

Vanquished Creatures
  Saint Roka (Orc:2)
  Arachne (Spider:4)
  Gastronok (D:11)
  Polyphemus (Shoals:3)
  Frances (Spider:2)
  The ghost of Honosyedgha the Warrior, an adept GrBe of Trog (Spider:3)
  Ilsuiw (Shoals:2)
  Aizul (Shoals:3)
  Louise (Spider:1)
  2 ghost moths (Spider:4)
  11 emperor scorpions
  An orc warlord (Orc:2)
  A stone giant (Orc:1)
  Nessos (Lair:6)
  The ghost of Feguytzu the Basher, a journeyman GrMo of Gozag (Spider:2)
  A minotaur (Gauntlet)
  3 entropy weavers (Spider:4)
  2 spark wasps
  3 dire elephants (Lair:6)
  2 merfolk javelineers (Shoals:2)
  3 merfolk impalers
  Josephine (Orc:1)
  Erolcha (Orc:2)
  A vault guard (D:14)
  Fannar (D:11)
  5 hydras
  Harold (D:11)
  2 boulder beetles
  4 catoblepae
  An anaconda (Lair:6)
  A centaur warrior (D:13)
  An alligator snapping turtle (Shoals:2)
  2 death knights
  A merfolk avatar (Shoals:3)
  8 death yaks
  7 two-headed ogres
  3 merfolk aquamancers
  2 satyrs
  The ghost of Anothat the Cleaver, a novice FoFi of Wu Jian (D:8)
  8 death scarabs (Spider:4)
  2 orc high priests (Orc:2)
  Sonja (Lair:3)
  5 sea snakes
  A spectral entropy weaver (Spider:2)
  A skeletal warrior (D:15)
  2 unseen horrors
  2 wizards (D:14)
  6 spectral wolf spiders
  2 necromancers
  A sphinx zombie (D:15)
  5 harpies (Shoals:1)
  A phantasmal warrior (D:15)
  2 orc knights (Orc:2)
  2 wolf spider zombies (Spider:4)
  14 orb spiders
  The ghost of emiel the Skirmisher, a novice DsWn of Cheibriados (D:6)
  A fire giant zombie (D:15)
  2 oklob plants
  5 orc sorcerers
  15 ugly things
  26 wolf spiders
  12 fauns
  6 cyclopes
  12 manticores
  3 centaur zombies
  12 elephants
  5 moths of wrath
  A fire giant skeleton (D:15)
  9 merfolk sirens
  Maurice (Orc:1)
  2 water nymphs
  A gargoyle (D:11)
  4 black mambas
  3 torpor snails
  16 cane toads
  Maggie (D:9)
  6 rime drakes
  A spectral redback (Spider:4)
  An efreet (D:15)
  A spark wasp simulacrum (Spider:2)
  2 tengu conjurers
  20 demonic crawlers
  14 komodo dragons
  2 redback zombies (Spider:4)
  4 meliai
  11 merfolk
  A queen bee (Spider:4)
  6 trolls
  49 jumping spiders
  A wind drake (Shoals:1)
  3 spectral jumping spiders
  2 polar bears
  Prince Ribbit (Lair:3)
  24 blink frogs
  10 dream sheep
  6 spectral tarantellas
  8 slime creatures
  3 tarantella zombies (Spider:4)
  2 jumping spider zombies (Spider:4)
  10 hornets
  8 snapping turtles
  A spriggan zombie (D:15)
  8 water elementals
  78 redbacks
  8 wraiths
  A shadow (D:13)
  2 vampires
  8 wyverns
  40 tarantellas
  42 yaks
  Grum (D:11)
  8 basilisks
  21 humans (D:14)
  2 vampire mosquitoes (D:13)
  4 wargs
  Menkaure (D:4)
  A soldier ant (D:12)
  15 water moccasins
  A spectral orb spider (Spider:2)
  Duvessa (D:4)
  A tarantella simulacrum (Spider:2)
  A jumping spider simulacrum (Spider:2)
  22 orc warriors
  3 sky beasts
  2 phantoms
  A black bear (D:6)
  2 eyes of draining
  47 wolves
  4 ice beasts
  10 ogres
  9 centaurs
  7 big kobolds
  18 bullfrogs
  Dowan (D:4)
  A hornet simulacrum (Spider:2)
  A water moccasin skeleton (D:9)
  2 wyvern skeletons
  4 scorpions
  11 wights
  26 killer bees
  4 howler monkeys
  4 electric eels (Spider:3)
  A bullfrog zombie (D:10)
  3 bullfrog skeletons
  A jelly (shapeshifter) (D:8)
  5 hounds
  19 orc priests
  3 centaur skeletons
  7 jellies
  20 orc wizards
  4 iguanas
  12 worker ants
  A killer bee zombie (D:7)
  A hound skeleton (D:6)
  A hound zombie (D:8)
  A worker ant zombie (D:11)
  7 gnolls
  2 river rats
  15 adders
  2 shadow imps
  3 white imps
  2 oozes
  3 adder skeletons
  6 worms
  3 dart slugs
  A leopard gecko (D:5)
  71 orcs
  4 ball pythons
  9 giant cockroaches
  10 goblins
  5 hobgoblins (D:1)
  6 jackals
  3 quokkas
  A ball python skeleton (D:5)
  3 bats
  7 frilled lizards
  28 kobolds
  A leopard gecko skeleton (D:4)
  A leopard gecko zombie (D:7)
  12 rats
1180 creatures vanquished.

Vanquished Creatures (collateral kills)
  Mara (Spider:4)
  Rupert (Orc:2)
  3 dire elephants (Lair:6)
  3 hydras
  A boulder beetle (Lair:4)
  A merfolk avatar (Shoals:4)
  A two-headed ogre (D:14)
  A centaur warrior (D:13)
  Nergalle (Lair:3)
  An orc high priest (Orc:2)
  3 orc knights
  An orc sorcerer (Orc:2)
  An ugly thing (D:14)
  An elephant (Lair:3)
  A water nymph (Shoals:4)
  A gargoyle (D:12)
  A rime drake (shapeshifter) (D:8)
  A cane toad (Lair:4)
  A rime drake (Lair:3)
  A wyvern (Lair:3)
  A hog (shapeshifter) (D:8)
  2 neqoxecs (D:8)
  A water moccasin (Lair:3)
  A soldier ant (D:13)
  4 orc warriors (Orc:2)
  An ogre (Orc:2)
  An eye of draining (D:12)
  A centaur (D:11)
  A bullfrog (Lair:2)
  A scorpion (D:13)
  A howler monkey (D:13)
  2 orc priests (Orc:2)
  3 orc wizards (Orc:2)
  3 kobolds (D:11)
49 creatures vanquished.

Vanquished Creatures (others)
  A skeletal warrior (D:15)
  An ugly thing (D:15)
  A water nymph (Shoals:4)
  A demonic crawler (Spider:4)
  A bullfrog (Lair:2)
  An orc wizard (D:12)
  An orc (Orc:1)
  22 fungi
  64 plants
  A withered plant (D:15)
94 creatures vanquished.

Grand Total: 1323 creatures vanquished

Notes
Turn   | Place    | Note
-------+----------+-------------------------------------------
     0 | D:1      | inmateoo the Minotaur Wanderer began the quest for the Orb.
     0 | D:1      | inmateoo set off with the following items: a +0 mace, a +0
                  | kite shield, a +0 robe; and the following spell memorised:
                  | Foxfire; and the following spells available to memorise:
                  | Conjure Flame
     0 | D:1      | Reached XP level 1. HP: 16/16 MP: 1/1
   621 | D:1      | Reached skill level 1 in Axes
   638 | D:1      | Reached XP level 2. HP: 15/23 MP: 3/3
   907 | D:1      | Reached skill level 1 in Armour
  1705 | D:2      | Reached skill level 2 in Axes
  1705 | D:2      | Reached XP level 3. HP: 16/29 MP: 4/4
  1926 | D:2      | Reached XP level 4. HP: 36/36 MP: 5/5
  2169 | D:2      | Noticed a bullfrog
  2174 | D:2      | Killed a bullfrog
  2175 | D:2      | Reached skill level 3 in Axes
  2259 | D:2      | Reached XP level 5. HP: 42/42 MP: 6/6
  2789 | D:4      | Noticed Dowan
  2790 | D:4      | Noticed Duvessa
  3104 | D:4      | Reached skill level 4 in Axes
  3104 | D:4      | Reached skill level 1 in Dodging
  3134 | D:4      | Found a staircase to the Ecumenical Temple.
  3156 | Temple   | Entered the Ecumenical Temple
  3168 | Temple   | Became a worshipper of Makhleb the Destroyer
  3308 | D:4      | Noticed an ogre
  3314 | D:4      | Killed an ogre
  3315 | D:4      | Reached XP level 6. HP: 21/51 MP: 7/7
  3556 | D:4      | Found an opulent altar of Gozag.
  3651 | D:4      | Killed Duvessa
  3666 | D:4      | Killed Dowan
  3667 | D:4      | Reached skill level 5 in Axes
  3724 | D:4      | Reached XP level 7. HP: 58/58 MP: 8/8
  3947 | D:4      | Noticed Menkaure
  3953 | D:4      | Killed Menkaure
  4002 | D:5      | Entered Level 5 of the Dungeon
  4145 | D:5      | Found a transporter.
  4235 | D:5      | Found a transporter.
  4613 | D:5      | Reached skill level 6 in Axes
  4625 | D:5      | Found a glowing drain.
  4629 | Sewer    | Entered a sewer
  4650 | Sewer    | Reached * piety under Makhleb
  4881 | Sewer    | Reached XP level 8. HP: 62/67 MP: 9/9
  5276 | D:6      | Reached skill level 5 in Shields
  5300 | D:6      | Reached skill level 7 in Axes
  5398 | D:6      | Reached skill level 5 in Fighting
  5496 | D:6      | Reached skill level 5 in Armour
  5559 | D:6      | Reached ** piety under Makhleb
  5649 | D:6      | Found a runed translucent door.
  5650 | D:6      | Noticed emiel's ghost (novice DsWn)
  5666 | D:6      | Found a runed translucent door.
  5869 | D:7      | Reached skill level 8 in Axes
  5927 | D:7      | Reached XP level 9. HP: 44/75 MP: 10/10
  6393 | D:7      | Reached skill level 1 in Invocations
  6406 | D:7      | Found Satiddom's Jewellery Shop.
  6452 | D:8      | Found a burning altar of Makhleb.
  6452 | D:8      | Found the +6 shillelagh "Devastator" {shatter}
  6485 | D:8      | Reached skill level 9 in Axes
  6537 | D:8      | Noticed a death yak
  6538 | D:8      | Noticed a death yak
  6588 | D:7      | Killed a death yak
  6589 | D:7      | Reached skill level 5 in Dodging
  6650 | D:7      | Killed a death yak
  6651 | D:7      | Reached XP level 10. HP: 52/86 MP: 11/11
  6803 | D:8      | Found a staircase to the Lair.
  6808 | D:8      | Noticed a death yak
  6830 | D:8      | Reached skill level 10 in Axes
  6838 | D:8      | Killed a death yak
  6992 | D:8      | Reached *** piety under Makhleb
  7409 | D:8      | Found a runed translucent gate.
  7492 | D:8      | Found a runed translucent gate.
  7492 | D:8      | Found a runed translucent gate.
  7493 | D:8      | Noticed a green ugly thing
  7496 | D:8      | Noticed a brown ugly thing
  7497 | D:8      | Noticed a white ugly thing
  7498 | D:8      | Noticed a green ugly thing
  7630 | D:9      | Found a glowing silver altar of Zin.
  7888 | D:9      | Noticed Maggie
  7941 | D:10     | Entered Level 10 of the Dungeon
  7974 | D:9      | Killed Maggie
  7975 | D:9      | Reached skill level 11 in Axes
  8449 | D:9      | Noticed a two-headed ogre
  8463 | D:9      | Killed a two-headed ogre
  8464 | D:9      | Reached XP level 11. HP: 22/94 MP: 13/13
  8884 | D:10     | Reached **** piety under Makhleb
  9545 | D:11     | Noticed Harold
  9569 | D:11     | Killed Harold
  9594 | D:11     | Noticed a two-headed ogre
  9606 | D:11     | Killed a two-headed ogre
  9607 | D:11     | Reached skill level 5 in Invocations
  9728 | D:11     | Noticed Gastronok
  9751 | D:11     | Killed Gastronok
  9752 | D:11     | Reached skill level 12 in Axes
  9939 | D:11     | Noticed a two-headed ogre
  9948 | D:11     | Killed a two-headed ogre
 10063 | D:11     | Noticed Grum
 10088 | D:11     | Killed Grum
 10108 | D:11     | Found a glowing golden altar of the Shining One.
 10143 | D:11     | Reached ***** piety under Makhleb
 10613 | D:11     | Noticed Fannar
 10639 | D:11     | Killed Fannar
 10640 | D:11     | Reached XP level 12. HP: 48/105 MP: 15/15
 11124 | D:12     | Reached skill level 13 in Axes
 11184 | D:12     | Found a staircase to the Orcish Mines.
 11237 | D:12     | Noticed an eight-headed hydra
 11253 | D:12     | Killed an eight-headed hydra
 11330 | D:12     | Reached skill level 10 in Shields
 11369 | D:12     | Noticed a two-headed ogre
 11389 | D:12     | Killed a two-headed ogre
 11402 | D:12     | Reached skill level 10 in Fighting
 11445 | D:12     | Reached skill level 10 in Armour
 11482 | D:12     | Noticed a two-headed ogre
 11482 | D:12     | Noticed a death knight
 11633 | D:12     | Noticed a two-headed ogre
 11644 | D:12     | Killed a two-headed ogre
 11813 | D:12     | Killed a two-headed ogre
 11817 | D:12     | Killed a death knight
 11974 | D:13     | Noticed a boulder beetle
 12049 | D:12     | Killed a boulder beetle
 12112 | D:13     | Noticed a five-headed hydra
 12131 | D:12     | Killed a five-headed hydra
 12132 | D:12     | Reached skill level 14 in Axes
 12226 | D:13     | Reached XP level 13. HP: 114/114 MP: 17/17
 12981 | D:14     | Found a shimmering blue altar of Sif Muna.
 13466 | D:14     | Reached skill level 15 in Axes
 13645 | D:14     | Reached skill level 10 in Dodging
 13660 | D:14     | Found a gate to the Vaults.
 13821 | D:15     | Entered Level 15 of the Dungeon
 13964 | D:15     | Found a staircase to the Depths.
 14137 | D:15     | Found a gate leading to a gauntlet.
 14145 | Gauntlet | Entered a Gauntlet
 14145 | Gauntlet | Found a transporter.
 14153 | Gauntlet | Found a transporter.
 14155 | Gauntlet | Found a transporter.
 14165 | Gauntlet | Found a transporter.
 14167 | Gauntlet | Found a transporter.
 14172 | Gauntlet | Noticed a reaper
 14175 | Gauntlet | Found a transporter.
 14191 | Gauntlet | Found a transporter.
 14201 | Gauntlet | Found a transporter.
 14211 | Gauntlet | Found a runed translucent door.
 14211 | Gauntlet | Found a transporter.
 14212 | Gauntlet | Found a runed translucent door.
 14225 | Gauntlet | Found a transporter.
 14233 | Gauntlet | Noticed a death ooze
 14234 | Gauntlet | Found a transporter.
 14236 | Gauntlet | Found a transporter.
 14294 | Gauntlet | Found a transporter.
 14294 | Gauntlet | Found a transporter.
 14577 | Gauntlet | Got a flickering bronze ring
 14583 | Gauntlet | Identified the cursed ring of Qucasism {*Corrode rElec
                  | rPois Str-4 SInv} (You found it in a Gauntlet)
 14599 | Gauntlet | Identified the +3 short sword of Betu {pain, rF+ MP+9}
 14599 | Gauntlet | Identified the amulet "Xyviapso" {rN+ Regen+}
 14599 | Gauntlet | Noticed a minotaur
 14612 | Gauntlet | Killed a minotaur
 14707 | D:15     | Reached XP level 14. HP: 119/124 MP: 19/19
 15216 | Lair:1   | Entered Level 1 of the Lair of Beasts
 16049 | Lair:2   | Reached ****** piety under Makhleb
 16338 | Lair:2   | Found a hole to the Spider Nest.
 16868 | Lair:3   | Noticed Nergalle
 16889 | Lair:3   | Killed Nergalle
 16890 | Lair:3   | Reached skill level 16 in Axes
 17175 | Lair:3   | Noticed Prince Ribbit
 17186 | Lair:3   | Killed Prince Ribbit
 17300 | Lair:3   | Noticed Sonja
 17309 | Lair:3   | Killed Sonja
 17848 | Lair:4   | Found a staircase to the Shoals.
 18312 | Lair:4   | You fall into a shaft and drop 2 floors!
 18312 | Lair:6   | Entered Level 6 of the Lair of Beasts
 18356 | Lair:6   | Reached XP level 15. HP: 133/134 MP: 21/21
 18808 | Lair:5   | Found a staircase to the Slime Pits.
 19177 | Lair:5   | Reached skill level 17 in Axes
 20255 | Lair:6   | Noticed Nessos
 20304 | Lair:6   | Killed Nessos
 20610 | Lair:6   | Reached skill level 10 in Invocations
 21109 | D:6      | Killed emiel's ghost
 21110 | D:6      | Reached skill level 1 in Evocations
 21257 | D:8      | Found a runed translucent gate.
 21257 | D:8      | Found a runed translucent gate.
 21261 | D:8      | Found a runed translucent gate.
 21261 | D:8      | Noticed Anothat's ghost (novice FoFi)
 21286 | D:8      | Gained mutation: You occasionally shout uncontrollably at
                  | your foes. [a neqoxec]
 21291 | D:8      | Killed Anothat's ghost
 21326 | D:8      | Gained mutation: You sometimes yell uncontrollably at your
                  | foes. [mutagenic glow]
 21382 | D:8      | Gained mutation: Your magical capacity is low. (-10% MP)
                  | [mutagenic glow]
 21383 | D:8      | Lost mutation: Your magical capacity is low. (-10% MP)
                  | [potion of mutation]
 21383 | D:8      | Lost mutation: You sometimes yell uncontrollably at your
                  | foes. [potion of mutation]
 21383 | D:8      | Lost mutation: You occasionally shout uncontrollably at
                  | your foes. [potion of mutation]
 21383 | D:8      | Gained mutation: You are occasionally teleported next to
                  | monsters. [potion of mutation]
 21383 | D:8      | Gained mutation: You are resistant to electric shocks.
                  | (rElec) [potion of mutation]
 21383 | D:8      | Gained mutation: You are dopey. (Int -2) [potion of
                  | mutation]
 21383 | D:8      | Gained mutation: You are robust. (+10% HP) [potion of
                  | mutation]
 21384 | D:8      | Lost mutation: You are robust. (+10% HP) [potion of
                  | mutation]
 21384 | D:8      | Lost mutation: You are dopey. (Int -2) [potion of mutation]
 21384 | D:8      | Lost mutation: You are occasionally teleported next to
                  | monsters. [potion of mutation]
 21384 | D:8      | Gained mutation: You are clumsy. (Dex -2) [potion of
                  | mutation]
 21384 | D:8      | Lost mutation: You are clumsy. (Dex -2) [potion of
                  | mutation]
 21757 | Orc:1    | Entered Level 1 of the Orcish Mines
 21757 | Orc:1    | Found Zetexoce's General Store.
 21814 | Orc:1    | Noticed Maurice
 21833 | Orc:1    | Noticed Josephine
 21858 | Orc:1    | Killed Josephine
 21861 | Orc:1    | Killed Maurice
 21902 | Orc:1    | Bought a potion of haste for 140 gold pieces
 21902 | Orc:1    | Bought a scroll of identify for 28 gold pieces
 22103 | Orc:2    | Entered Level 2 of the Orcish Mines
 22105 | Orc:2    | Noticed an orc warlord
 22122 | Orc:2    | Killed an orc warlord
 22155 | Orc:2    | Noticed Rupert
 22170 | Orc:2    | Killed Rupert
 22241 | Orc:2    | Found a staircase to the Elven Halls.
 22349 | Orc:2    | Noticed Saint Roka
 22354 | Orc:2    | Paralysed by an orc sorcerer for 2 turns
 22367 | Orc:2    | HP: 6/136 [Saint Roka/divine providence (14)]
 22368 | Orc:2    | Found a roughly hewn altar of Beogh.
 22569 | Orc:2    | Reached XP level 16. HP: 82/144 MP: 22/22
 22584 | Orc:2    | Killed Saint Roka
 22858 | Orc:2    | Noticed Erolcha
 22895 | Orc:2    | Killed Erolcha
 22920 | Orc:2    | Found Zioliy Oleo's Gadget Boutique.
 22920 | Orc:2    | Found Moan's Book Shoppe.
 22922 | Orc:2    | Found Haxtabura's Magic Scroll Boutique.
 22922 | Orc:2    | Found Makh's Antique Weapon Shoppe.
 22930 | Orc:2    | Bought a scroll of blinking for 112 gold pieces
 22930 | Orc:2    | Bought 2 scrolls of blinking for 225 gold pieces
 22930 | Orc:2    | Bought a scroll of teleportation for 45 gold pieces
 22930 | Orc:2    | Bought a scroll of teleportation for 45 gold pieces
 23332 | Spider:1 | Entered Level 1 of the Spider Nest
 23382 | Spider:1 | Reached skill level 18 in Axes
 23775 | Spider:1 | Identified a scroll of acquirement
 23775 | Spider:1 | Acquired a +1 cloak of preservation
 23895 | Spider:1 | Noticed Louise
 23911 | Spider:1 | Killed Louise
 25197 | Spider:2 | Noticed Frances
 25210 | Spider:2 | Killed Frances
 25262 | Spider:2 | Found a runed translucent gate.
 25262 | Spider:2 | Found a runed translucent gate.
 25262 | Spider:2 | Found a runed translucent gate.
 25264 | Spider:2 | Noticed Feguytzu's ghost (journeyman GrMo)
 25321 | Spider:2 | Killed Feguytzu's ghost
 25573 | Spider:3 | Found a transporter.
 25577 | Spider:3 | Noticed Honosyedgha's ghost (adept GrBe)
 25578 | Spider:3 | Found a transporter.
 25621 | Spider:3 | Reached XP level 17. HP: 144/152 MP: 23/23
 25875 | Spider:3 | Reached skill level 5 in Evocations
 25947 | Spider:3 | Reached skill level 19 in Axes
 26287 | Spider:3 | Killed Honosyedgha's ghost
 26393 | Spider:4 | Entered Level 4 of the Spider Nest
 26394 | Spider:4 | Noticed Arachne
 26408 | Spider:4 | Killed Arachne
 26856 | Spider:4 | Noticed Mara
 26905 | Spider:4 | Killed Mara
 27835 | Spider:4 | Reached XP level 18. HP: 121/162 MP: 24/24
 28122 | Spider:4 | Reached skill level 15 in Fighting
 28122 | Spider:4 | Reached skill level 20 in Axes
 28122 | Spider:4 | Reached skill level 15 in Armour
 28122 | Spider:4 | Reached skill level 15 in Shields
 28149 | Spider:4 | Got a gossamer rune of Zot
 28159 | Spider:4 | Acquired a +5 vorpal broad axe
 28391 | Shoals:1 | Entered Level 1 of the Shoals
 28469 | Shoals:1 | Found a burning altar of Makhleb.
 29097 | Shoals:2 | Noticed Ilsuiw
 29200 | Shoals:2 | Killed Ilsuiw
 30490 | Shoals:3 | Noticed Aizul
 30510 | Shoals:3 | Killed Aizul
 30729 | Shoals:3 | Noticed Polyphemus
 30761 | Shoals:3 | Killed Polyphemus
 30995 | Shoals:4 | Entered Level 4 of the Shoals
 30996 | Shoals:4 | Acquired 711 gold pieces
 31031 | Shoals:4 | Found a glowing golden altar of the Shining One.
 31035 | Shoals:4 | Found a runed translucent gate.
 31035 | Shoals:4 | Found a runed translucent gate.
 31035 | Shoals:4 | Found a runed translucent gate.
 31036 | Shoals:4 | Noticed kthxbai's ghost (adept DECj)
 31079 | Shoals:4 | Hit by a javelin thrown by a merfolk javelineer

Illustrated notes

Levels and vault maps discovered:
D:1:      wander_arrival_desolate, layout_basic, serial_corexii_hall,
          chequers_hall_statues_y, corexii_hall_statues_deadend,
          corexii_hall_statues_u, corexii_hall_statues_x,
          corexii_hall_statues_x, chequers_hall_statues_wall_a
D:2:      layout_loops_ring
D:3:      layout_rooms, lemuel_statue_altar
D:4:      layout_gridville, nicolae_overflow_hidden_temple,
          minmay_temple_entry_slanted, uniq_menkaure, uniq_duvessa
D:5:      gammafunk_wand_slinger, layout_loops_cross, gup_sewer_entry_spiral,
          fountainhead
D:6:      layout_basic, ebering_ghost_sewer_f
D:7:      layout_rooms, serial_shops, shop
D:8:      layout_basic, dpeg_lair_monsters,
          ploomutoo_gammafunk_ghost_potion_laboratory, minivault_27,
          bloody_makhleb
D:9:      layout_loops_corners, basic_altar, uniq_maggie
D:10:     layout_loops_cross
D:11:     layout_layer_cave, basic_altar, uniq_gastronok, uniq_harold,
          uniq_fannar, uniq_grum
D:12:     layout_rooms, erik_orc_4, nzn_random_ring
D:13:     minmay_blocking_statues, layout_rooms
D:14:     layout_cave_pools, grunt_vaults_entry_tiered, basic_altar,
          wad_rectangle_vault
D:15:     gammafunk_depths_entry_grave, layout_rooms, gauntlet_entry_generic,
          chequers_jeans
Temple:   nicolae_temple_the_god_donut
Lair:1:   layout_loops_ring, eino_small_chamber_without_monster
Lair:2:   layout_small_grid, nicolae_spider_entry_non_spiders,
          grunt_forest_large_clearings, grunt_megastairs_2
Lair:3:   layout_cave_pods, small_statue_intersection,
          chequers_serial_rivers_small_a, minivault_11,
          minmay_lair_oklob_chamber, uniq_prince_ribbit2, uniq_sonja,
          uniq_nergalle
Lair:4:   layout_misc_corridors, elwin_shoals_entry_rocks, grunt_megastairs_5
Lair:5:   layout_hall_layers, minmay_slime_entry_pillars, beast_lair_carwin_2
Lair:6:   due_jungle_book, layout_regular_city, patterned_corridor, uniq_nessos
Shoals:1: cheibrodos_shoals_oceanic_diplomacy, layout_shoals,
          lemuel_centaur_altar
Shoals:2: layout_shoals, nicolae_shoals_arrival_archipelago, uniq_ilsuiw
Shoals:3: nzn_motion_control, layout_shoals, uniq_polyphemus, uniq_aizul
Shoals:4: shoals_end_grunt_ice, layout_shoals, gammafunk_ghost_necromancy,
          lemuel_oklob_altar
Spider:1: layout_spider_delve, nicolae_spider_webs_and_nodes,
          hangedman_spider_tarantella_strand, uniq_louise
Spider:2: nicolae_spider_hall_of_the_moth_king, gammafunk_ghost_necromancy,
          uniq_frances
Spider:3: layout_spider_delve, gammafunk_ghost_arena
Spider:4: floodkiller_spider_rune_tomb, special_room [special_room_bee],
          nicolae_spider_cling_ruins, uniq_arachne, uniq_mara
Orc:1:    layout_diamond_mine, serial_shops, shop, uniq_maurice, uniq_josephine
Orc:2:    grunt_orc_tribal_feast, layout_diamond_mine, basic_altar,
          uniq_saint_roka, uniq_rupert, uniq_erolcha

Skill      XL: |  1  2  3  4  5  6  7  8  9 10 11 12 13 14 15 16 17 18 |
---------------+-------------------------------------------------------+-----
Axes           | 1 2 3 4 5 6 8 9 11 12 14 15 16 17 18 19 20 | 20.7
Armour         | 1 2 3 4 5 6 8 9 10 11 12 13 14 15 | 15.5
Fighting       | 2 3 4 5 7 8 9 10 11 12 13 14 15 | 15.6
Shields        | 2 3 4 5 7 8 9 10 11 12 13 14 15 | 15.6
Dodging        | 1 2 3 4 5 6 8 9 10 11 12 13 14 | 14.1
Invocations    | 2 4 5 7 8 9 10 | 10.0
Evocations     | 2 4 6 7 |  7.7
Maces & Flails | |  2.4
Stealth        | |  1.0
Spellcasting   | |  1.3
Fire Magic     | |  1.0
Air Magic      | |  1.3

Action                   |  1- 3 |  4- 6 |  7- 9 | 10-12 | 13-15 | 16-18 || total
-------------------------+-------+-------+-------+-------+-------+-------++-------
Melee: Mace              |    77 |       |       |       |       |       ||    77
       Headbutt          |     9 |    21 |    51 |   210 |   470 |   379 ||  1140
       War axe           |     7 |   134 |   183 |       |       |       ||   324
       Hand axe          |       |       |   181 |   931 |  1572 |       ||  2684
       Morningstar       |       |       |       |    11 |    47 |       ||    58
       Broad axe         |       |       |       |       |   240 |  1770 ||  2010
Throw: Throwing net      |       |       |       |     4 |       |       ||     4
Invok: Lesser Servant of |       |       |       |     4 |    12 |       ||    16
       Greater Servant o |       |       |       |       |     6 |     3 ||     9
Evoke: Wand              |       |       |     5 |    12 |     2 |     1 ||    20
       Box of beasts     |       |       |       |       |     2 |     1 ||     3
       Phantom mirror    |       |       |       |       |       |     2 ||     2
  Use: Scroll            |     6 |     2 |    11 |     9 |    17 |    14 ||    59
       Potion            |       |       |       |       |     5 |     2 ||     7
 Stab: Paralysed         |       |       |       |     3 |     4 |       ||     7
       Held in net/web   |       |       |       |     3 |       |       ||     3
       Distracted        |       |       |       |       |    12 |     1 ||    13
       Invisible         |       |       |       |       |     2 |       ||     2
Armor: Robe              |     4 |       |       |       |       |       ||     4
       Ring mail         |    14 |       |       |       |       |       ||    14
       Chain mail        |    12 |    73 |   156 |    35 |       |  1025 ||  1301
       Plate armour      |       |       |       |   243 |   576 |   122 ||   941
Dodge: Dodged            |    19 |    23 |    93 |   271 |   755 |  1291 ||  2452
       Repelled          |       |     1 |     2 |     4 |     1 |       ||     8
Block: Kite shield       |    35 |    67 |   163 |   399 |   939 |  1458 ||  3061
